 Dungeon Crawl Stone Soup version 0.29.1-12-g30fa7ad0bf (webtiles) character file.

Game seed: 2172636885603138223

45 safid the Shooter (level 3, -1/33 HPs)
             Began as a Minotaur Hunter on Dec 13, 2022.
             Slain by an orc
             ... wielding a +3 war axe
              (5 damage)
             ... on level 2 of the Dungeon.
             The game lasted 00:01:57 (1173 turns).

safid the Shooter (Minotaur Hunter)                 Turns: 1173, Time: 00:01:57

Health: -1/33      AC:  6    Str: 15    XL:     3   Next: 42%
Magic:  2/2        EV: 10    Int:  6    God:
Gold:   55         SH:  0    Dex: 15    Spells: 2/2 levels left

rFire   . . .      SeeInvis .   a - +0 shortbow
rCold   . . .      Faith    .   (shield currently unavailable)
rNeg    . . .      Spirit   .   h - +0 scale mail
rPois   .          Reflect  .   (helmet restricted)
rElec   .          Harm     .   (no cloak)
rCorr   .          Rampage  .   (no gloves)
Will    .....                   (no boots)
Stlth   ..........              (no amulet)
HPRegen 0.11/turn               (no ring)
MPRegen 0.08/turn               (no ring)

@: no status effects
A: horns 2, retaliatory headbutt
a: no special abilities


You were on level 2 of the Dungeon.
You visited 1 branch of the dungeon, and saw 2 of its levels.

You collected 55 gold pieces.

Inventory:

Hand Weapons
 a - a +0 shortbow (weapon)
Armour
 h - a +0 scale mail (worn)
Scrolls
 b - a scroll of enchant armour {unknown}
 e - 4 scrolls of identify {unknown}
 i - a scroll of amnesia {unknown}
Potions
 c - a potion of magic {unknown}
 d - 2 potions of mutation {unknown}
 f - a potion of heal wounds {unknown}
 g - a potion of invisibility {unknown}


   Skills:
 + Level 3.7 Fighting
 + Level 5.1 Ranged Weapons
 - Level 2.1 Dodging
 - Level 0.7 Stealth


You had 2 spell levels left.
You didn't know any spells.
Your spell library contained the following spells:

 Spells                   Type           Power      Damage    Failure   Level
 Apportation              Tloc           0%         N/A       91%         1
 Necrotise                Necr           0%         1d4       91%         1
 Sandblast                Erth           0%         2d4       91%         1
 Summon Small Mammal      Summ           0%         N/A       91%         1
 Passwall                 Tmut/Erth      0%         N/A       97%         2
 Stone Arrow              Conj/Erth      0%         3d7       99%         3


Dungeon Overview and Level Annotations

Branches:
Dungeon (2/15)

Altars:

Annotations:
D:2 Terence


Innate Abilities, Weirdness & Mutations

You have a pair of horns on your head.
You reflexively headbutt those who attack you in melee.


Message History

The endoplasm quivers.
Terence says, "Don't bother to defend, it's senseless."
Terence hits you with a +0 short sword.
You shoot an arrow.
The arrow hits Terence but does no damage.
Terence is moderately wounded.
Terence hits you with a +0 short sword. The orc hits you but does no damage.
Terence hits you with a +0 short sword.
You shoot an arrow. The arrow hits Terence!
Terence is almost dead.
The orc hits you with a +3 war axe. Terence hits you but does no damage.
You are too injured to fight recklessly!
Unknown command.
You are too injured to fight recklessly!
You are too injured to fight recklessly!
Fire: a) +0 shortbow
Press: ? - help, Q - select action Shift-Dir - straight line, f/p - Terence
Aim: Terence, wielding a +0 short sword and wearing a +0 chain mail (almost dead, 69% to hit)
You shoot an arrow. The arrow hits Terence.
Terence is almost dead.
The orc barely misses you. Terence hits you but does no damage.
Fire: a) +0 shortbow
Press: ? - help, Q - select action Shift-Dir - straight line, f/p - Terence
Aim: Terence, wielding a +0 short sword and wearing a +0 chain mail (almost dead, 69% to hit)
You shoot an arrow.
The arrow hits Terence but does no damage.
Terence is almost dead.
Terence hits you but does no damage. The orc closely misses you.
You furiously retaliate!
You headbutt the orc. The orc hits you with a +3 war axe.
* * * LOW HITPOINT WARNING * * *
Terence hits you with a +0 short sword.
* * * LOW HITPOINT WARNING * * *
Fire: a) +0 shortbow
Press: ? - help, Q - select action Shift-Dir - straight line, f/p - Terence
Aim: Terence, wielding a +0 short sword and wearing a +0 chain mail (almost dead, 69% to hit)
You shoot an arrow. The arrow hits Terence.
Terence is almost dead.
The orc hits you with a +3 war axe.
You die...

.......#...8...8...8...#####....<
.......#~.~.~.~.~.~.~.~†...'.....
...#.....8...8...8...8.#####...(.
...###..~.~.~.~.~.~.~.~..........
...#.......8...8...8....#########
..##.#..~.~.~.~.~.~.~.~##
...#.#...8...8...8...8.... #..#
#.#..~.~.~.~.~.~...... ...#
#.#.#.#.#.#@###.#.####
...#.#.#.#.#.#.#o@.....#
...#.#.### # #.#J....... .....#
............ .#.########
##....####. .+......... ......
.#.<....... ....##. ###########
#....# .≈


You could see Terence, an orc and an endoplasm.

Vanquished Creatures
  3 dart slugs
  6 ball pythons
  2 endoplasms
  3 giant cockroaches (D:1)
  4 goblins
  A hobgoblin (D:1)
  6 kobolds (D:1)
  3 quokkas (D:1)
  6 bats
  A frilled lizard (D:1)
  2 rats (D:1)
37 creatures vanquished.

Notes
Turn   | Place    | Note
-------+----------+-------------------------------------------
     0 | D:1      | safid the Minotaur Hunter began the quest for the Orb.
     0 | D:1      | Reached XP level 1. HP: 18/18 MP: 0/0
   138 | D:1      | Reached XP level 2. HP: 25/25 MP: 1/1
   751 | D:1      | Found a faded altar of an unknown god.
   793 | D:1      | Reached skill level 5 in Ranged Weapons
   793 | D:1      | Reached XP level 3. HP: 29/31 MP: 2/2
  1164 | D:2      | Noticed Terence
  1173 | D:2      | Slain by an orc

Illustrated notes

Levels and vault maps discovered:
D:1:      arrival_zaba_pyramid, layout_basic, ebering_ecumenical_altar_hall
D:2:      layout_basic, basic_altar, amcnicky_mini_corridor_feature,
          kennysheep_another_room, kennysheep_crisscross, uniq_terence,
          uniq_natasha

Skill      XL: |  1  2 |
---------------+-------+-----
Fighting       | 3 |  3.7
Ranged Weapons | 5 |  5.1
Dodging        | |  2.1
Stealth        | |  0.7

Action                   || total
-------------------------++-------
 Fire: Shortbow          ||    88
Armor: Scale mail        ||    23
Dodge: Dodged            ||    28
